 Dungeon Crawl Stone Soup version 0.29.1-2-gbd0b4ee654 (webtiles) character file.

Game seed: 10429289612434720432

4990 raph the Tainter (level 10, -5/73 HPs)
             Began as a Grey Draconian Venom Mage on Nov 9, 2022.
             Was an Initiate of Sif Muna.
             Slain by an orc warrior
             ... wielding a +0 glaive
              (21 damage)
             ... on level 9 of the Dungeon.
             The game lasted 00:16:16 (10544 turns).

raph the Tainter (Grey Draconian Venom Mage)       Turns: 10544, Time: 00:16:17

Health: -5/73      AC: 14    Str: 10    XL:     10   Next: 29%
Magic:  16/19      EV: 11    Int: 28    God:    Sif Muna [......]
Gold:   532        SH:  5    Dex: 11    Spells: 4/21 levels left

rFire   x . .      SeeInvis .   a - +9 hammer of the Elven Halls {pain, rF- rC++ Int+5}
rCold   + + .      Faith    .   b - +0 buckler
rNeg    + . .      Spirit   .   (body armour unavailable)
rPois   .          Reflect  .   (helmet restricted)
rElec   .          Harm     .   j - +1 cloak
rCorr   .          Rampage  .   m - +1 pair of gloves "Niriq" {rN+ Int+2}
Will    .....                   e - +1 pair of boots
Stlth   ++........              (no amulet)
HPRegen 0.22/turn               g - ring of wizardry
MPRegen 0.16/turn               (no ring)

@: corroded
A: AC +12, amphibious, unfitting armour, cold-blooded
a: Renounce Religion


You were on level 9 of the Dungeon.
You worshipped Sif Muna.
Sif Muna was noncommittal.
You visited 2 branches of the dungeon, and saw 10 of its levels.

You collected 532 gold pieces.

Inventory:

Hand Weapons
 a - the +9 hammer of the Elven Halls (weapon) {pain, rF- rC++ Int+5}
   (You found it on level 4 of the Dungeon)

   In the hands of one skilled in necromantic magic, it inflicts extra damage on
   living creatures.
   Int:       It affects your intelligence (+5).
   rF:        It makes you vulnerable to fire.
   rC:        It greatly protects you from cold.
 f - a +0 trident
 r - a +1 rapier
Missiles
 c - 2 throwing nets
 x - 10 boomerangs
Armour
 b - a +0 buckler (worn)
 e - a +1 pair of boots (worn)
 j - a +1 cloak (worn)
 m - the +1 pair of gloves "Niriq" (worn) {rN+ Int+2}
   (You found it on level 2 of the Dungeon)

   Int:       It affects your intelligence (+2).
   rN:        It protects you from negative energy.
Magical Staves
 p - a staff of earth
Jewellery
 g - a ring of wizardry (left hand)
Wands
 B - a wand of roots (10)
 D - a wand of mindburst (14)
 E - a wand of flame (34)
Scrolls
 k - 5 scrolls of enchant weapon
 l - 2 scrolls of immolation
 o - 2 scrolls of fog
 y - a scroll of silence
 z - a scroll of blinking
 C - 3 scrolls of vulnerability
 F - 2 scrolls of amnesia
Potions
 d - 2 potions of flight
 h - 4 potions of curing
 i - 2 potions of brilliance
 n - 2 potions of magic
 q - 3 potions of lignification
 t - a potion of attraction
 u - 2 potions of heal wounds {unknown}
 v - a potion of might {unknown}
 w - a potion of degeneration {unknown}
 A - a potion of mutation {unknown}


   Skills:
 + Level 2.2 Fighting
 + Level 4.2 Maces & Flails
 - Level 1.7 Dodging
 - Level 1.7 Stealth
 - Level 5.5 Shields
 + Level 6.0 Spellcasting
 + Level 4.4 Conjurations
 + Level 4.5 Necromancy
 - Level 1.0 Transmutations
 * Level 9.8 Poison Magic
 + Level 2.2 Invocations


You had 4 spell levels left.
You knew the following spells:

 Your Spells              Type           Power      Damage    Failure   Level
a - Sting                 Tmut/Pois      100%       1d8       1%          1
b - Poisonous Vapours     Pois/Air       72%        N/A       1%          2
c - Mephitic Cloud        Conj/Pois/Air  35%        N/A       1%          3
d - Olgreb's Toxic Radia  Pois           59%        N/A       1%          4
e - Anguish               Hex/Necr       10%        N/A       12%         4
f - Spider Form           Tmut/Pois      38%        N/A       1%          3

Your spell library contained the following spells:

 Spells                   Type           Power      Damage    Failure   Level
 Ensorcelled Hibernation  Hex/Ice        16%        N/A       4%          2
 Portal Projectile        Hex/Tloc       16%        N/A       9%          3
 Tukima's Dance           Hex            8%         N/A       9%          3
 Blade Hands              Tmut           7%         N/A       45%         5


Dungeon Overview and Level Annotations

Branches:
Dungeon (9/15)             Temple (1/1) D:6            Lair (0/5) D:8
    Orc: D:9-12

Altars:
Ashenzari
Cheibriados
Dithmenos
Elyvilon
Fedhas
Hepliaklqana
Kikubaaqudgha
Makhleb
Nemelex Xobeh
Okawaru
Qazlal
Sif Muna
Trog
Uskayaw
Vehumet
Wu Jian
Xom
The Shining One

Shops:
D:1 ([   D:2 [

Annotations:
D:6 1 runed translucent door, diceflayer's ghost, novice DsGl


Innate Abilities, Weirdness & Mutations

Your dull iron-grey scales are very hard. (AC +12)
You are amphibious.
You cannot fit into any form of body armour.
You are cold-blooded and may be slowed by cold attacks.


Message History

Okay, then.
Aiming: Fastroot
Press: ? - help, Shift-Dir - straight line, f - acid dragon
Aim: an acid dragon (lightly wounded)
The roots erupt in riotous growth!
Roots grab the acid dragon.
Roots grab the wyvern.
Roots grab the orc warrior.
The grasping roots constrict the acid dragon.
The grasping roots constrict the wyvern.
The grasping roots constrict the orc warrior.
The acid dragon spits acid at you. The splash of acid hits you!
The acid corrodes you!
The orc warrior hits you from afar with a +0 glaive!
* * * LOW HITPOINT WARNING * * *
You hit the acid dragon.
The acid dragon is heavily wounded.
The grasping roots constrict the acid dragon.
The grasping roots constrict the wyvern.
The grasping roots constrict the orc warrior.
The roots release their grip on the acid dragon.
The roots release their grip on the wyvern.
The orc warrior looks more healthy.
The roots release their grip on the orc warrior.
The acid dragon closely misses you. You block the acid dragon's attack.
The orc warrior hits you from afar with a +0 glaive.
* * * LOW HITPOINT WARNING * * *
The orc warrior hits you but does no damage.
The acid dragon closely misses you. The acid dragon barely misses you.
You hit the acid dragon.
The acid dragon writhes in agony.
The acid dragon is almost dead.
The acid dragon spits acid at you. You block the splash of acid.
The orc warrior hits you but does no damage.
You hit the acid dragon.
You kill the acid dragon!
Sif Muna accepts your kill.
The wyvern looks more healthy.
Sif Muna accepts your kill.
You feel a bit more experienced.
The orc warrior hits you from afar with a +0 glaive!!
You die...

...... ..........#
...... .........#
...... ........#
#...... .......#+##
....... ..........
....... )......
....... #.o.#
.......# ###l#
######.# ##.@.# ####
#.# ####..##### ...#
#.# #.........#
##.###.# #.........#
#..##.# #.........#
##.##.####.........#
#.##.##...........#
#..#.##.###########
##>.....#


You could see an orc warrior and a wyvern.

Vanquished Creatures
  Pikel (D:5)
  Joseph (D:7)
  A troll (D:7)
  2 wraiths
  A wyvern (D:8)
  2 steam dragons
  Menkaure (D:7)
  2 acid dragons
  A water moccasin (D:7)
  2 orc warriors
  3 black bears
  A sky beast (D:8)
  2 ice beasts
  3 centaurs
  2 bullfrogs
  A gnoll sergeant (D:8)
  A necrophage (D:5)
  A scorpion (D:5)
  8 wights
  6 killer bees (D:7)
  An electric eel (D:6)
  2 jellies
  Crazy Yiuf (D:4)
  2 gnoll boudas (D:7)
  4 orc priests
  A hound (D:6)
  4 iguanas
  8 orc wizards
  6 adders
  16 gnolls
  A shadow imp (D:6)
  4 white imps
  2 ufetubi
  4 dart slugs
  25 orcs
  7 endoplasms
  3 giant cockroaches
  5 goblins
  7 hobgoblins
  2 jackals (D:3)
  2 kobolds
  A quokka (D:5)
  2 ball pythons (D:1)
  2 bats
  6 rats
160 creatures vanquished.

Vanquished Creatures (collateral kills)
  A gnoll sergeant (D:7)
  A hound (D:7)
  4 gnolls (D:7)
  A shadow imp (D:7)
7 creatures vanquished.

Vanquished Creatures (others)
  6 plants (D:8)
6 creatures vanquished.

Grand Total: 173 creatures vanquished

Notes
Turn   | Place    | Note
-------+----------+-------------------------------------------
     0 | D:1      | raph the Draconian Venom Mage began the quest for the Orb.
     0 | D:1      | Reached XP level 1. HP: 14/14 MP: 3/3
   374 | D:1      | Found a faded altar of an unknown god.
   714 | D:1      | Reached XP level 2. HP: 15/20 MP: 0/5
   923 | D:1      | Reached skill level 4 in Poison Magic
   974 | D:1      | Found Qaagefa's Armour Boutique.
  1249 | D:1      | Found Eqeefat's Weapon Boutique.
  1530 | D:2      | Learned a level 2 spell: Poisonous Vapours
  1596 | D:2      | Found Lasax's Armour Shoppe.
  1735 | D:2      | Identified the +1 pair of gloves "Niriq" {rN+ Int+2}
  1941 | D:2      | Reached XP level 3. HP: 26/26 MP: 3/6
  2950 | D:3      | Reached skill level 1 in Shields
  2962 | D:3      | Reached XP level 4. HP: 33/33 MP: 2/7
  3239 | D:3      | Learned a level 4 spell: Olgreb's Toxic Radiance
  3347 | D:4      | Identified the +1 ring mail "Naturha" {Harm Dex+2}
  3525 | D:4      | Found a hide-covered altar of Uskayaw.
  3620 | D:4      | Found a runed translucent door.
  3621 | D:4      | Noticed Crazy Yiuf
  3638 | D:4      | Killed Crazy Yiuf
  3924 | D:4      | Identified the +9 hammer of the Elven Halls {pain, rF- rC++
                  | Int+5}
  4096 | D:4      | Reached skill level 5 in Poison Magic
  4287 | D:5      | Entered Level 5 of the Dungeon
  4310 | D:5      | Noticed a lemure
  4310 | D:5      | Noticed a lemure
  4311 | D:5      | Noticed Pikel
  4313 | D:5      | Noticed a lemure
  4314 | D:5      | Noticed a lemure
  4322 | D:5      | Killed Pikel
  4323 | D:5      | Reached skill level 6 in Poison Magic
  4323 | D:5      | Reached XP level 5. HP: 29/38 MP: 1/10
  4323 | D:5      | Reached XP level 6. HP: 34/45 MP: 1/11
  4323 | D:5      | Your scales start taking on a dull iron-grey colour.
  4323 | D:5      | Reached XP level 7. HP: 38/50 MP: 1/12
  4397 | D:5      | Learned a level 3 spell: Mephitic Cloud
  4735 | D:5      | Reached skill level 7 in Poison Magic
  5177 | D:6      | Learned a level 4 spell: Anguish
  5190 | D:6      | Reached skill level 1 in Necromancy
  5190 | D:6      | Reached XP level 8. HP: 57/57 MP: 7/14
  5214 | D:6      | Reached skill level 1 in Conjurations
  5631 | D:6      | Found a runed translucent door.
  5631 | D:6      | Noticed diceflayer's ghost (novice DsGl)
  5680 | D:7      | Reached skill level 1 in Maces & Flails
  5682 | D:7      | Reached skill level 8 in Poison Magic
  5852 | D:7      | Noticed Menkaure
  5861 | D:7      | Killed Menkaure
  6319 | D:7      | Reached skill level 5 in Spellcasting
  6320 | D:7      | Reached XP level 9. HP: 40/62 MP: 12/16
  6573 | D:7      | Reached skill level 5 in Shields
  6601 | D:7      | Learned a level 3 spell: Spider Form
  7024 | D:7      | Noticed Joseph
  7041 | D:7      | Killed Joseph
  7276 | D:7      | Noticed a troll
  7288 | D:7      | Killed a troll
  7289 | D:7      | Reached skill level 9 in Poison Magic
  7839 | D:6      | Found a staircase to the Ecumenical Temple.
  7846 | Temple   | Entered the Ecumenical Temple
  7854 | Temple   | Became a worshipper of Sif Muna the Loreminder
  8205 | D:6      | Found an ancient bone altar of Kikubaaqudgha.
  8206 | D:6      | Found a white marble altar of Elyvilon.
  8412 | D:8      | Found the +7 Kryia's mail coat {PotionHeal*2 rC+}
  8430 | D:8      | Reached skill level 1 in Fighting
  8430 | D:8      | Reached skill level 1 in Invocations
  9110 | D:8      | Reached XP level 10. HP: 43/71 MP: 10/18
  9328 | D:8      | Found a staircase to the Lair.
  9747 | D:8      | Noticed a skeletal warrior
  9776 | D:8      | Noticed a gargoyle
  9787 | D:8      | Noticed a boulder beetle
 10544 | D:9      | Slain by an orc warrior

Illustrated notes

Levels and vault maps discovered:
D:1:      roderic_chinese_lattice_arrival, layout_loops_ring,
          chequers_ecumenical_altar_island, serial_shops, shop,
          nicolae_shop_bloodbath_and_beyond, kennysheep_nondescript,
          minmay_misc_feat_four_crosses, serial_bayou_pond_e,
          serial_bayou_pond_a, minmay_misc_feat_x, hangedman_feature_mirror,
          minmay_misc_feat_alley
D:2:      layout_basic, serial_shops, nicolae_diamond_shop
D:3:      layout_rooms
D:4:      layout_rooms, mainiacjoe_overflow_brackets, uniq_crazy_yiuf_cottage
D:5:      layout_basic, uniq_pikel
D:6:      layout_cave_pools, nicolae_overflow_two_pavilions,
          minmay_temple_entry_arrows, ebering_ghost_inner_flame, kennysheep_nub
D:7:      layout_gridville, st_stairs_8, grunt_ministairs_10, uniq_joseph,
          uniq_menkaure
D:8:      minmay_chambers_of_sixes, layout_loops_ring, dpeg_oklobed_lair
D:9:      layout_basic
Temple:   nicolae_temple_no_exploring_needed

Skill      XL: |  1  2  3  4  5  6  7  8  9 10 |
---------------+-------------------------------+-----
Poison Magic   | 4 6 7 8 9 |  9.8
Shields        | 1 3 4 5 |  5.5
Spellcasting   | 3 4 5 6 |  6.0
Necromancy     | 1 2 4 |  4.5
Conjurations   | 2 4 |  4.4
Maces & Flails | 2 3 4 |  4.2
Fighting       | 1 2 |  2.2
Invocations    | 1 2 |  2.2
Dodging        | |  1.7
Stealth        | |  1.7
Transmutations | |  1.0

Action                   |  1- 3 |  4- 6 |  7- 9 | 10-12 || total
-------------------------+-------+-------+-------+-------++-------
Melee: Unarmed           |    19 |       |       |       ||    19
       Tailslap          |     3 |     5 |    19 |    14 ||    41
       Trident           |    14 |       |       |       ||    14
       Rapier            |    16 |    15 |       |       ||    31
       Mace              |       |     9 |   149 |    77 ||   235
 Cast: Sting             |    48 |    24 |    43 |       ||   115
       Poisonous Vapours |     7 |     9 |    13 |       ||    29
       Olgreb's Toxic Ra |       |       |    24 |     7 ||    31
       Mephitic Cloud    |       |       |     3 |     2 ||     5
       Anguish           |       |       |     1 |       ||     1
Evoke: Wand              |       |       |    11 |     1 ||    12
  Use: Scroll            |     7 |     4 |     7 |     2 ||    20
       Potion            |       |       |     2 |       ||     2
 Stab: Sleeping          |     1 |       |     2 |     1 ||     4
       Confused          |       |       |       |     1 ||     1
Armor: Skin              |    26 |    12 |    96 |    45 ||   179
Dodge: Dodged            |    35 |    27 |    91 |    41 ||   194
Block: Buckler           |     9 |     1 |    53 |    22 ||    85
